AoeStats
← QNa_NguaHoang

MegaRandom

508173855Analyzed
4v4 RM · 10d ago on Sep 21, 2026· 40m 57s· 8 players
Game mode
Random Map
Map size
Large (8 player)
Population
200
Speed
Normal
Resources
Standard
Victory
Conquest
Starting age
Dark Age
Ending age
Imperial Age
RankedLock teamsTeams togetherTeam positionsShared explorationLock speedFull tech treeHidden civsTurbo modeCheats
Victory
Defeat
🇨🇳 Britons · China
1272
+15
🇮🇳 Malians · India
1258
+16
🇻🇳 Cumans · Vietnam
1249
+16
🇨🇭 Portuguese · Switzerland
1244
+16
1277
-17
🇫🇷 Slavs · France
1264
-16
🇮🇹 Maya · Italy
1257
-16
🇲🇽 Khmer · Mexico
1205
-14
Blue Cheese
0:32 Loom
10:11 Feudal Age
10:41 Double-Bit Axe
14:11 Town Watch
16:51 Fletching
20:20 Castle Age
19:01 Horse Collar
21:47 Bodkin Arrow
32:44 Ballistics
34:57 Wheelbarrow
37:04 Imperial Age
37:10 Elite Organ Gun
38:16 Siege Engineers
39:47 Gold Mining
40:40 Padded Archer Armor
smallpox04
6:24 Loom
9:07 Feudal Age
10:39 Double-Bit Axe
12:02 Forging
17:52 Castle Age
18:47 Fletching
19:08 Town Watch
19:33 Bodkin Arrow
19:43 Stone Mining
21:58 Horse Collar
23:30 Crossbowman
25:01 Padded Archer Armor
26:40 Ballistics
27:29 Wheelbarrow
27:08 Gold Mining
29:15 Leather Archer Armor
30:10 Yeomen
30:13 Pikeman
37:07 Imperial Age
35:43 Caravan
35:53 Scale Mail Armor
36:40 Guard Tower
39:54 Conscription
40:55 Bracer
k10_g15
0:40 Loom
10:11 Feudal Age
16:00 Castle Age
15:11 Horse Collar
15:23 Double-Bit Axe
17:36 Bow Saw
19:55 Town Watch
21:28 Wheelbarrow
24:50 Husbandry
26:56 Hand Cart
27:09 Heavy Plow
27:42 Bloodlines
29:42 Scale Mail Armor
36:06 Imperial Age
33:48 Gold Mining
33:50 Stone Mining
34:20 Chain Mail Armor
34:39 Forging
35:15 Fletching
37:30 Plate Mail Armor
37:37 Iron Casting
37:20 Bodkin Arrow
37:54 Conscription
37:47 Treadmill Crane
38:16 Squires
38:02 Arson
39:26 Padded Archer Armor
40:29 Chemistry
39:50 Ballistics
39:27 Murder Holes
40:18 Elite Gbeto
41:36 Masonry
QNa_NguaHoang
0:34 Loom
10:50 Feudal Age
15:15 Castle Age
13:37 Double-Bit Axe
14:18 Horse Collar
16:21 Wheelbarrow
21:20 Bloodlines
21:28 Scale Barding Armor
23:06 Forging
24:18 Hand Cart
27:56 Chain Barding Armor
29:28 Gold Mining
29:29 Stone Mining
29:54 Heavy Plow
30:05 Bow Saw
30:51 Iron Casting
32:19 Gold Shaft Mining
35:39 Imperial Age
35:56 Cavalier
37:12 Plate Barding Armor
37:38 Blast Furnace
37:03 Light Cavalry
38:22 Conscription
39:33 Two-Man Saw
39:13 Crop Rotation
38:43 Paladin
[UNZ] SmellyCoder70
0:32 Loom
11:04 Feudal Age
17:04 Castle Age
16:26 Wheelbarrow
16:46 Bloodlines
19:19 Double-Bit Axe
19:46 Husbandry
33:18 Scale Barding Armor
35:43 Forging
35:56 Horse Collar
37:22 Fletching
37:55 Ballistics
39:36 Murder Holes
JoN
0:35 Loom
10:26 Feudal Age
14:29 Horse Collar
16:35 Double-Bit Axe
18:55 Wheelbarrow
19:26 Forging
23:48 Castle Age
22:00 Scale Mail Armor
22:48 Man-at-Arms
25:05 Bow Saw
24:18 Pikeman
25:00 Squires
26:14 Chain Mail Armor
27:02 Long Swordsman
30:56 Hand Cart
34:01 Iron Casting
33:17 Fletching
36:13 Bodkin Arrow
39:40 Imperial Age
37:13 Gold Mining
37:14 Stone Mining
37:50 Heavy Plow
39:47 Two-Handed Swordsman
40:59 Plate Mail Armor
Sonaron Disparos
0:28 Loom
6:54 Feudal Age
7:41 Double-Bit Axe
11:59 Forging
13:27 Scale Barding Armor
20:33 Castle Age
21:58 Bow Saw
24:10 Iron Casting
23:39 Husbandry
27:20 Gold Mining
29:31 Gold Shaft Mining
30:09 Chain Barding Armor
31:02 Stone Mining
34:33 Imperial Age
38:48 Blast Furnace
37:57 Double Crossbow
39:13 Conscription
40:05 Plate Barding Armor
39:25 Pikeman
40:06 Scale Mail Armor
39:45 Elite Ballista Elephant
lillithadam20
0:27 Loom
10:40 Feudal Age
14:45 Castle Age
15:40 Double-Bit Axe
15:39 Horse Collar
17:09 Fletching
19:54 Bow Saw
20:15 Bodkin Arrow
26:26 Ballistics
27:38 Padded Archer Armor
30:10 Leather Archer Armor
30:02 Gold Mining
30:03 Stone Mining
31:25 Thumb Ring
37:39 Imperial Age
38:07 Wheelbarrow
38:15 Stone Shaft Mining
38:03 Elite Plumed Archer
39:50 Bracer
Connection lost

Rejoining the realm…

Still unreachable

The connection could not be restored.

Session expired

The server has moved on; the page needs a fresh start.